 Seeded DCSS version 0.30.1-9-gdf580d7c3d (webtiles) character file.

Game seed: 12227517427145989815 (custom seed)

123963 Psyclone the Thaumaturge (level 16, 108/108 HPs)
             Began as a Deep Elf Conjurer on Sept 26, 2023.
             Was a Believer of Ashenzari.
             Quit the game on level 3 of the Spider Nest.
             The game lasted 02:23:32 (34120 turns).

Psyclone the Thaumaturge (Deep Elf Conjurer)       Turns: 34120, Time: 02:23:33

Health: 108/108    AC:  8    Str:  4    XL:     16   Next: 38%
Magic:  46/46      EV: 17    Int: 32    God:    Ashenzari [**....]
Gold:   1726       SH:  0    Dex: 13    Spells: 7/46 levels left

rFire   + . .        a - staff of conjuration
rCold   + . .        (no shield)
rNeg    + . .        c - +1 robe of Vines {NoPotionHeal Regen++++, Elem, Bglg} (curse)
rPois   +            X - -2 hat of the Alchemist {rElec rPois rF+ rC+ rN+ Will+ rMut rCorr}
rElec   +            S - +2 cloak "Enigmatic Incredulity" {rCorr, Elem, Self} (curse)
rCorr   +            W - +0 pair of gloves
SInv    +            T - +2 pair of boots "Scepticism of Ashenzari" {Bglg, Alch} (curse)
Will    ++...        H - amulet of the acrobat
Stlth   ++           f - ring of wizardry
HPRegen 3.58/turn    h - ring of magical power
MPRegen 0.30/turn

%: acrobat, resist mutation, wizardry (x1)
@: no status effects
A: no striking features
a: Renounce Religion, Curse Item, Shatter the Chains


You were on level 3 of the Spider Nest.
You worshipped Ashenzari.
Ashenzari was pleased with you.
You visited 5 branches of the dungeon, and saw 26 of its levels.
You also visited: Sewer and Bailey.

You collected 3092 gold pieces.
You spent 1366 gold pieces at shops.

Inventory:

Hand Weapons
 M - a +0 dagger of chaos
Missiles
 A - 4 throwing nets {!f}
Armour
 c - the cursed +1 robe of Vines (worn) {NoPotionHeal Regen++++, Elem, Bglg}
   (You found it in a bailey)

   NoPotionHeal: Its wearer cannot be healed by potions.
   Regen:     It increases your rate of health regeneration.
   It has a curse which improves the following skills: Elements: Fire Magic, Ice
   Magic, Air Magic and Earth Magic.
   Beguiling: Conjurations, Hexes and Translocations.
 S - the cursed +2 cloak "Enigmatic Incredulity" (worn) {rCorr, Elem, Self}
   (You found it on level 11 of the Dungeon)

   It has a curse which improves the following skills: Elements: Fire Magic, Ice
   Magic, Air Magic and Earth Magic.
   Introspection: Fighting and Spellcasting.
 T - the cursed +2 pair of boots "Scepticism of Ashenzari" (worn) {Bglg, Alch}
   (You found it on level 11 of the Dungeon)

   It has a curse which improves the following skills: Beguiling: Conjurations,
   Hexes and Translocations.
   Alchemy:   Poison Magic and Transmutations.
 W - a +0 pair of gloves (worn)
 X - the -2 hat of the Alchemist (worn) {rElec rPois rF+ rC+ rN+ Will+ rMut rCorr}
   (You bought it in a shop on level 2 of the Orcish Mines)

   rF:        It protects you from fire.
   rC:        It protects you from cold.
   rElec:     It insulates you from electricity.
   rPois:     It protects you from poison.
   rN:        It protects you from negative energy.
   rCorr:     It protects you from acid and corrosion.
   rMut:      It protects you from mutation.
   Will:      It increases your willpower.
Magical Staves
 a - a staff of conjuration (weapon)
Jewellery
 f - a ring of wizardry (left hand)
 h - a ring of magical power (right hand)
 n - a ring of flight
 C - a ring of ice
 H - an amulet of the acrobat (around neck)
 Y - a ring of fire
Wands
 y - a wand of flame (13)
 B - a wand of digging (11)
 F - a wand of roots (11)
 L - a wand of charming (16)
 N - a wand of polymorph (16)
 U - a wand of mindburst (8)
Scrolls
 e - 6 scrolls of immolation
 i - 5 scrolls of enchant weapon
 j - 2 scrolls of amnesia
 l - 10 scrolls of fear
 m - 9 scrolls of teleportation
 p - 4 scrolls of blinking
 r - 4 scrolls of poison
 s - 3 scrolls of magic mapping
 u - 4 scrolls of fog
 D - a scroll of noise
 E - 2 scrolls of brand weapon
 O - a scroll of torment
 P - 18 scrolls of identify {@r1}
 R - 2 scrolls of summoning
 V - 3 scrolls of enchant armour
Potions
 b - 3 potions of magic
 d - 7 potions of heal wounds
 o - 11 potions of might
 q - 8 potions of flight
 t - 13 potions of curing
 v - a potion of resistance
 w - 2 potions of invisibility
 x - 4 potions of mutation
 z - 6 potions of cancellation
 G - 2 potions of berserk rage
 I - 2 potions of lignification
 J - a potion of haste
 K - 4 potions of brilliance
 Q - a potion of ambrosia
Miscellaneous
 g - a phantom mirror


   Skills:
 - Level 13.9(15.0) Fighting
 - Level 12.0 Dodging
 - Level 2.4 Stealth
 + Level 14.6(15.7) Spellcasting
 - Level 13.3(15.0) Conjurations
 - Level 8.8(10.0) Transmutations
 - Level 10.3(12.0) Ice Magic
 - Level 10.3(12.0) Air Magic
 - Level 8.8(10.0) Poison Magic


You had 7 spell levels left.
You knew the following spells:

 Your Spells              Type           Power      Damage    Failure   Level
a - Magic Dart            Conj           100%       1d8       0%          1
b - Searing Ray           Conj           100%       2d8       0%          2
c - Ozocubu's Armour      Ice            80%        N/A       1%          3
d - Fulminant Prism       Conj/Hex       42%        3d19      1%          4
e - Inner Flame           Hex/Fire       26%        N/A       1%          3
f - Freezing Cloud        Conj/Ice/Air   52%        6-21      1%          5
g - Frozen Ramparts       Ice            100%       1d16      1%          3
h - Hailstorm             Conj/Ice       100%       3d20      0%          3
i - Metabolic Englaciati  Hex/Ice        29%        N/A       1%          5
r - Swiftness             Air            80%        N/A       1%          3
v - Poisonous Vapours     Pois/Air       100%       N/A       1%          2
x - Irradiate             Conj/Tmut      51%        3d28      1%          5

Your spell library contained the following spells:

 Spells                   Type           Power      Damage    Failure   Level
 Freeze                   Ice            100%       1d10      0%          1
 Beastly Appendage        Tmut           100%       N/A       1%          1
 Kiss of Death            Conj/Necr      100%       2d13      1%          1
 Slow                     Hex            100%       N/A       1%          1
 Summon Small Mammal      Summ           100%       N/A       1%          1
 Ensorcelled Hibernation  Hex/Ice        100%       N/A       1%          2
 Passwall                 Tmut/Erth      45%        N/A       1%          2
 Scorch                   Fire           52%        2d7       1%          2
 Wereblood                Tmut           73%        N/A       1%          2
 Call Canine Familiar     Summ           25%        N/A       1%          3
 Confusing Touch          Hex            26%        N/A       1%          3
 Dazzling Flash           Conj/Hex       100%       N/A       1%          3
 Mephitic Cloud           Conj/Pois/Air  100%       N/A       1%          3
 Spider Form              Tmut/Pois      73%        N/A       1%          3
 Summon Guardian Golem    Hex/Summ       25%        N/A       1%          3
 Vampiric Draining        Necr           25%        2d7       1%          3
 Flame Wave               Conj/Fire      84%        2d18      1%          4
 Iskenderun's Mystic Bla  Conj/Tloc      84%        2d17      1%          4
 Blade Hands              Tmut           36%        N/A       1%          5
 Yara's Violent Unravell  Hex/Tmut       27%        3d12      2%          5
 Animate Dead             Necr           25%        N/A       7%          4
 Dispel Undead            Necr           25%        3d12      7%          4
 Simulacrum               Ice/Necr       29%        N/A       9%          6
 Dragon Form              Tmut           36%        N/A       10%         7
 Borgnjor's Vile Clutch   Necr/Erth      12%        N/A       17%         5
 Summon Forest            Summ/Tloc      12%        N/A       17%         5
 Summon Mana Viper        Hex/Summ       25%        N/A       17%         5
 Death Channel            Necr           12%        N/A       67%         6
 Summon Cactus Giant      Summ           12%        N/A       67%         6
 Enfeeble                 Hex            13%        N/A       99%         7
 Maxwell's Capacitive Co  Air            40%        ∞         32%         8


Dungeon Overview and Level Annotations

Branches:
Dungeon (15/15) Zot: 24875  Temple (1/1) D:6 Zot: 5711    Lair (5/5) D:10 Zot: 23359
  Swamp (0/4) Lair:2       Spider (3/4) Lair:2 Zot: 15065   Slime (0/5) Lair:5
    Orc (2/2) D:12 Zot: 8842     Elf (0/3) Orc:2        Vaults (0/5) D:13
 Depths (0/4) D:15          Sewer (visited)          Bailey (visited)

Altars:
Ashenzari
Cheibriados
Dithmenos
Elyvilon
Fedhas
Gozag
Hepliaklqana
Kikubaaqudgha
Makhleb
Nemelex Xobeh
Okawaru
Qazlal
Ru
Sif Muna
Trog
Uskayaw
Vehumet
Wu Jian
Xom
Yredelemnul
Zin
The Shining One
Jiyva

Shops:
D:1 [   Orc:1 !   Orc:2 *![(

Annotations:
D:9 3 runed translucent doors, boopmooplesden's ghost, journeyman MiFi
D:12 2 runed translucent doors
Lair:3 2 transporters


Message History

The demonic crawler is engulfed in freezing vapours.
The demonic crawler closely misses you.
The demonic crawler hits you but does no damage.
The demonic crawler completely misses you.
You regained 4 hp, and now have 41/108 hp.
You now have 37/46 mp.
Casting: Searing Ray (safe; 0% risk of failure)
Confirm with . or Enter, or press ? or * to list all spells.
You feel a surge of power!
You erupt in a fountain of uncontrolled magic!
The demonic crawler is blasted with magical radiation!!!
You kill the demonic crawler!
You are very lightly contaminated with residual magic.
You regained 3 hp, and now have 44/108 hp.
You now have 33/46 mp.
You start resting.
HP restored.
Health restored: 108 You regained 5 mp, and now have 38/46 mp.
Your magical contamination has completely faded away.
Magic restored.
You see here a demonic crawler corpse.
You enter the shallow water.
Moving in this stuff is going to be slow.
Done exploring.
MP restored: 46 Done exploring.
(D) Dungeon (T) Temple (L) Lair (S) Swamp (N) Spider Nest (M) Slime Pits (O) Orcish Mines (E) Elven Halls (V) Vaults (U) Depths
Where to? (* - list waypoints, Enter - Spider:2, ? - help)
There is a stone staircase leading down here.
You climb downwards.
Found 26 gold pieces, a +0 arbalest and 9 stones.
There is a stone staircase leading up here.
There are monsters nearby!
Unknown command.
Search for what [Enter for "ice", or ? for help]? ring Unknown command.
Are you sure you want to abandon this character and quit the game? (Confirm with "yes".)

, , , ,
.............. ,
, , .
..#.......... ,
,
#.#(.......#...
, , ,
..........#....
* ,
...............
...............
, , , , ,
.....ss........
,
.......@...s..^
*, , ,,
,........#......
, ........s
....#, ,,, ,
,...#......,....
^ .......$...
... ,
...).s...... ..
ss#^......... .
~ , ,
......^..^.... *
, *


You could see a wolf spider (asleep), 2 culicivoras and 4 redbacks.

Vanquished Creatures
  An orc warlord (Orc:2)
  A broodmother (Spider:2)
  A spark wasp (Spider:2)
  Josephine (Orc:1)
  2 entropy weavers (Spider:1)
  4 hydras
  4 vault guards (D:13)
  2 ogre magi (D:15)
  Harold (Orc:1)
  A jorogumo (Spider:2)
  A radroach (Spider:2)
  5 catoblepae
  5 centaur warriors
  17 two-headed ogres
  7 boulder beetles
  5 death yaks (Lair:5)
  Urug (Orc:1)
  2 orc high priests
  Nergalle (D:11)
  Amaemon (Lair:3)
  A skyshark (Lair:2)
  A sun moth (Spider:2)
  4 skeletal warriors (D:15)
  An orb spider (Spider:1)
  5 orc knights
  5 deep elf pyromancers
  A necromancer (D:15)
  A deep elf zephyrmancer (D:15)
  2 steelbarb worms
  9 ugly things
  8 wolf spiders
  A cyclops (shapeshifter) (D:14)
  7 orc sorcerers
  5 cyclopes
  4 manticores
  A salamander (shapeshifter) (D:15)
  A wolf spider zombie (D:15)
  A moth of wrath (Spider:2)
  8 black mambas
  A centaur zombie (D:15)
  Maurice (D:10)
  4 elephants (Lair:5)
  2 gargoyles
  2 naga magi (D:15)
  3 centaur skeletons (D:15)
  14 cane toads
  An orange demon (Lair:3)
  2 torpor snails
  2 demonic crawlers (Spider:2)
  Psyche (D:10)
  2 kobold demonologists
  2 rime drakes
  11 komodo dragons
  3 tengu conjurers (D:13)
  10 trolls
  4 meliai
  A hornet (D:9)
  Prince Ribbit (D:7)
  A polar bear (Lair:3)
  16 blink frogs
  13 tarantellas
  11 slime creatures
  8 dream sheep
  10 jumping spiders
  3 shadows
  Sigmund (D:4)
  74 yaks
  10 culicivoras
  4 wyverns
  A vampire (Bailey)
  5 wraiths
  A steam dragon (D:9)
  3 basilisks (Lair:3)
  25 redbacks
  4 vampire mosquitoes (Lair:2)
  13 water moccasins
  2 acid dragons (D:12)
  Duvessa (D:7)
  5 black bears
  35 orc warriors
  10 wolves (Lair:3)
  12 centaurs
  13 ogres
  3 kobold brigands
  Blork the orc (D:4)
  11 bullfrogs
  4 scorpions
  9 wights (D:7)
  Dowan (D:7)
  5 killer bees (D:7)
  3 wolf zombies (Bailey)
  2 electric eels
  8 howler monkeys
  6 vampire bats (Bailey)
  4 hounds
  18 orc priests
  A gnoll bouda (D:5)
  5 jellies
  2 sleepcaps (D:6)
  Terence (D:4)
  9 iguanas
  29 orc wizards
  Ijyb (D:3)
  Robin (D:3)
  5 gnolls (D:5)
  9 adders
  2 river rats
  A shadow imp (D:8)
  3 white imps
  An ufetubus (D:5)
  7 worms
  A dart slug (D:4)
  112 orcs
  9 ball pythons
  4 bats
  12 endoplasms
  8 giant cockroaches
  15 goblins
  16 hobgoblins
  6 jackals (D:3)
  10 quokkas
  10 frilled lizards
  17 kobolds
  19 orc zombies (Bailey)
  7 rats
875 creatures vanquished.

Vanquished Creatures (others)
  A wraith (Orc:1)
  32 fulminant prisms
33 creatures vanquished.

Grand Total: 908 creatures vanquished

Notes
Turn   | Place    | Note
-------+----------+-------------------------------------------
     0 | D:1      | Psyclone the Deep Elf Conjurer began the quest for the Orb.
     0 | D:1      | Reached XP level 1. HP: 10/10 MP: 6/6
   256 | D:1      | Reached XP level 2. HP: 15/15 MP: 5/8
   702 | D:1      | Found Guip's Antique Armour Shoppe.
   747 | D:1      | Learned a level 2 spell: Searing Ray
   770 | D:2      | Reached skill level 4 in Spellcasting
   770 | D:2      | Reached skill level 5 in Conjurations
   770 | D:2      | Reached XP level 3. HP: 19/19 MP: 4/10
  1011 | D:2      | Noticed Terence
  1164 | D:2      | Found a faded altar of an unknown god.
  1609 | D:2      | Got Misiahoy's Handbook of Outbursts and Electrocution
  1728 | D:2      | Learned a level 2 spell: Poisonous Vapours
  1732 | D:2      | Learned a level 3 spell: Swiftness
  2145 | D:3      | Noticed Ijyb
  2146 | D:3      | Noticed Robin
  2178 | D:3      | Reached XP level 4. HP: 24/24 MP: 12/12
  2207 | D:3      | Learned a level 4 spell: Fulminant Prism
  2300 | D:3      | Found a glowing drain.
  2371 | D:3      | Reached skill level 5 in Spellcasting
  2380 | Sewer    | Entered a sewer
  2590 | Sewer    | Reached XP level 5. HP: 28/28 MP: 14/14
  2696 | Sewer    | Identified a scroll of acquirement
  2696 | Sewer    | Acquired a staff of conjuration
  2806 | Sewer    | Found a viscous altar of Jiyva.
  2888 | D:3      | Learned a level 3 spell: Ozocubu's Armour
  2927 | D:3      | Killed Ijyb
  2928 | D:3      | Reached skill level 6 in Spellcasting
  2957 | D:3      | Killed Robin
  3083 | D:3      | Found an iron altar of Okawaru.
  3445 | D:3      | Reached XP level 6. HP: 44/44 MP: 17/17
  3516 | D:4      | Noticed Blork the orc
  3522 | D:4      | Killed Blork the orc
  3523 | D:4      | Reached XP level 7. HP: 35/49 MP: 18/18
  3729 | D:4      | Killed Terence
  3730 | D:4      | Reached skill level 1 in Poison Magic
  3879 | D:4      | Noticed Sigmund
  3887 | D:4      | Killed Sigmund
  4221 | D:5      | Entered Level 5 of the Dungeon
  4253 | D:5      | Reached skill level 7 in Spellcasting
  4449 | D:5      | Reached XP level 8. HP: 54/54 MP: 20/20
  4828 | D:5      | Found a sacrificial altar of Ru.
  5592 | D:6      | Found a staircase to the Ecumenical Temple.
  5600 | Temple   | Entered the Ecumenical Temple
  5868 | Temple   | Became a worshipper of Ashenzari the Shackled
  6581 | D:6      | Reached skill level 8 in Spellcasting
  6827 | D:6      | Found a bloodstained altar of Trog.
  6940 | D:7      | Reached XP level 9. HP: 50/59 MP: 20/23
  6944 | D:7      | Reached skill level 5 in Poison Magic
  7037 | D:7      | Found a flagged portal.
  7063 | Bailey   | Entered a bailey
  7760 | Bailey   | Noticed a gargoyle
  7935 | Bailey   | Killed a gargoyle
  8055 | Bailey   | Found the +1 robe of Vines {NoPotionHeal Regen++++}
  8302 | Bailey   | Found the +18 shield of the Gong {Loud rN+ Will+ rCorr
                  | EV-5}
  8530 | D:7      | Noticed Prince Ribbit
  8536 | D:7      | Killed Prince Ribbit
  8537 | D:7      | Reached skill level 1 in Ice Magic
  8537 | D:7      | Reached skill level 1 in Air Magic
  8537 | D:7      | Reached XP level 10. HP: 64/64 MP: 16/24
  9140 | D:7      | Noticed a +0 dagger
  9141 | D:7      | Noticed a +0 hand axe
  9142 | D:7      | Found a hide-covered altar of Uskayaw.
  9206 | D:7      | Noticed Duvessa
  9207 | D:7      | Noticed Dowan
  9214 | D:7      | Killed Duvessa
  9220 | D:7      | Killed Dowan
  9639 | D:8      | Noticed a two-headed ogre
  9745 | D:1      | Bought a pair of blackened boots for 209 gold pieces
  9745 | D:1      | Identified the +0 pair of boots "Yjoteon" {Harm *Slow rN++}
                  | (You bought it in a shop on level 1 of the Dungeon)
 10491 | D:8      | Learned a level 5 spell: Freezing Cloud
 10495 | D:8      | Learned a level 3 spell: Inner Flame
 10944 | D:8      | Killed a two-headed ogre
 10945 | D:8      | Reached skill level 5 in Ice Magic
 11794 | D:9      | Noticed a two-headed ogre
 11808 | D:9      | Reached skill level 5 in Air Magic
 11808 | D:9      | Killed a two-headed ogre
 11941 | D:9      | Noticed a two-headed ogre
 11950 | D:9      | Killed a two-headed ogre
 11951 | D:9      | Reached XP level 11. HP: 68/68 MP: 24/25
 12509 | D:9      | Found a runed translucent gate.
 12510 | D:9      | Found a runed translucent gate.
 12511 | D:9      | Found a runed translucent gate.
 12513 | D:9      | Noticed boopmooplesden's ghost (journeyman MiFi)
 13424 | D:10     | Entered Level 10 of the Dungeon
 13720 | D:10     | Noticed Psyche
 13727 | D:10     | Killed Psyche
 13887 | D:10     | Found a staircase to the Lair.
 13918 | D:10     | Noticed Maurice
 13932 | D:10     | Killed Maurice
 14218 | D:10     | Noticed a two-headed ogre
 14224 | D:10     | Killed a two-headed ogre
 14842 | D:11     | Noticed a two-headed ogre
 14846 | D:11     | Killed a two-headed ogre
 15099 | D:11     | Noticed Nergalle
 15108 | D:11     | Killed Nergalle
 15398 | D:11     | Reached * piety under Ashenzari
 15416 | D:11     | Reached skill level 9 in Spellcasting
 15563 | D:11     | Noticed a purple ugly thing
 15569 | D:11     | Killed a purple ugly thing
 15570 | D:11     | Reached XP level 12. HP: 73/76 MP: 21/28
 16108 | Lair:1   | Entered Level 1 of the Lair of Beasts
 16116 | Lair:1   | Reached skill level 10 in Dodging
 16522 | Lair:1   | Learned a level 3 spell: Frozen Ramparts
 17250 | Lair:2   | Noticed a catoblepas
 17263 | Lair:2   | Killed a catoblepas
 17264 | Lair:2   | Reached skill level 10 in Spellcasting
 17509 | Lair:2   | You fall into a shaft and drop 2 floors!
 17568 | Lair:4   | Noticed a five-headed hydra
 17575 | Lair:4   | Killed a five-headed hydra
 17576 | Lair:4   | Reached skill level 11 in Spellcasting
 17665 | Lair:4   | Reached ** piety under Ashenzari
 17982 | Lair:4   | Reached skill level 12 in Spellcasting
 18118 | Lair:4   | Reached XP level 13. HP: 83/83 MP: 32/32
 18821 | Lair:3   | Reached skill level 13 in Spellcasting
 18872 | Lair:3   | Found a transporter.
 18892 | Lair:3   | Found a transporter.
 18900 | Lair:3   | Noticed Amaemon
 18906 | Lair:3   | Killed Amaemon
 20219 | Lair:2   | Reached skill level 10 in Ice Magic
 20254 | Lair:2   | Found a hole to the Spider Nest.
 20354 | Lair:2   | Found a staircase to the Swamp.
 20725 | Lair:5   | Entered Level 5 of the Lair of Beasts
 20729 | Lair:5   | Reached skill level 10 in Air Magic
 21182 | Lair:5   | Reached skill level 10 in Conjurations
 21428 | Lair:5   | Found a viscous altar of Jiyva.
 21428 | Lair:5   | Found a staircase to the Slime Pits.
 22010 | Lair:5   | Reached skill level 10 in Fighting
 22011 | Lair:5   | Reached XP level 14. HP: 90/90 MP: 28/35
 22710 | D:12     | Found a staircase to the Orcish Mines.
 23539 | D:12     | Found a runed translucent door.
 23624 | D:12     | Identified the Incunable of the Lost Bones
 23625 | D:12     | Found a runed translucent door.
 23826 | Orc:1    | Entered Level 1 of the Orcish Mines
 23876 | Orc:1    | Noticed Harold
 23883 | Orc:1    | Killed Harold
 23916 | Orc:1    | Paralysed by an orc sorcerer for 2 turns
 24060 | Orc:1    | Noticed Josephine
 24067 | Orc:1    | Killed Josephine
 24067 | Orc:1    | Noticed Urug
 24078 | Orc:1    | Killed Urug
 24839 | Orc:1    | Found Bem Miu's Distillery.
 25254 | Orc:2    | Entered Level 2 of the Orcish Mines
 25349 | Orc:2    | Learned a level 3 spell: Hailstorm
 25355 | Orc:2    | Learned a level 5 spell: Metabolic Englaciation
 25400 | Orc:2    | Found a staircase to the Elven Halls.
 26238 | Orc:2    | Found Lasuekhlo's Distillery.
 26508 | Orc:2    | Found Kano's General Store.
 26513 | Orc:2    | Bought a +0 pair of gloves for 72 gold pieces
 26659 | Orc:2    | Noticed an orc warlord
 26672 | Orc:2    | Killed an orc warlord
 26689 | Orc:2    | Found Inwydon's Antique Armour Shoppe.
 26905 | Orc:2    | Found Zunigh's Antique Weapon Emporium.
 26926 | Orc:2    | Bought the -2 hat of the Alchemist {rElec rPois rF+ rC+ rN+
                  | Will+ rMut rCorr} for 1085 gold pieces
 26926 | Orc:2    | Found the -2 hat of the Alchemist {rElec rPois rF+ rC+ rN+
                  | Will+ rMut rCorr}
 27063 | D:13     | Found a gate to the Vaults.
 27078 | D:13     | Reached XP level 15. HP: 58/97 MP: 17/36
 29025 | D:15     | Entered Level 15 of the Dungeon
 30139 | D:15     | Learned a level 5 spell: Irradiate
 30202 | D:15     | Reached skill level 1 in Transmutations
 30789 | D:15     | Found a staircase to the Depths.
 31208 | Spider:1 | Entered Level 1 of the Spider Nest
 31637 | Spider:1 | Reached skill level 5 in Transmutations
 31908 | Spider:1 | Reached XP level 16. HP: 108/108 MP: 25/37
 33606 | Spider:2 | Reached skill level 14 in Spellcasting
 33857 | Spider:2 | Acquired 855 gold pieces
 34120 | Spider:3 | Quit the game

Illustrated notes

Levels and vault maps discovered:
D:1:      lemuel_arrival_tunnels, layout_rooms, serial_shops, shop
D:2:      layout_loops_corners, shapermc_ecumenical_altar_ellora,
          kennysheep_generic_room_13, uniq_terence, uniq_crazy_yiuf_cottage
D:3:      layout_rooms, lemuel_round_altar, cheibrodos_sewer_entry_sluice,
          uniq_robin, uniq_ijyb
D:4:      layout_loops_ring, uniq_sigmund, uniq_blork_the_orc
D:5:      layout_layer_cave, nicolae_ru_awakened_eye
D:6:      layout_loops_ring, lightli_temple_of_fire, temple_fountains,
          minmay_misc_feat_room
D:7:      layout_loops_ring, dancing_weapons_uskayaw, enter_bailey_4,
          hangedman_decor_riveting, uniq_duvessa, uniq_prince_ribbit1
D:8:      layout_layer_cave, serial_glass, glass_columns_c, glass_columns_a,
          due_unseen_surprise, minmay_strange_pillars, minmay_strange_pillars,
          item_on_display_a
D:9:      layout_loops_ring, ebering_ghost_rock_garden, minmay_lizard_king
D:10:     layout_cave_pods, dpeg_oklobed_lair, corexii_corridor_pit,
          minmay_misc_feat_encased, uniq_psyche, uniq_maurice
D:11:     layout_gridville, minmay_tree_intersection, uniq_nergalle
D:12:     minmay_expanding_circles, layout_loops_ring,
          minmay_orc_entry_temple_small
D:13:     layout_roguey, lightli_vaults_fourway_checkpoint
D:14:     layout_roguey, kennysheep_boxes
D:15:     grunt_enter_depths_magical_seal, layout_irregular_city
Temple:   mainiacjoe_temple_bowtie_tessellation
Lair:1:   layout_long_grid, chequers_serial_rivers_small_3, grunt_megastairs_3,
          lemuel_fruit_tree
Lair:2:   layout_roguey, minmay_swamp_entry_swarm, spider_nest_entry_a
Lair:3:   gammafunk_worm_tunnel, layout_gridlike, hangedman_lair_generics_rect,
          grunt_megastairs_2, serial_bayou_shore_a, uniq_amaemon
Lair:4:   layout_cave_pods, grunt_megastairs_5
Lair:5:   evilmike_catoblepas_cave, layout_loops_ring,
          nicolae_slime_entry_slimehenge
Spider:1: layout_spider_delve, hellmonk_watch_for_rolling_rocks
Spider:2: layout_spider_delve
Spider:3: layout_spider_delve
Orc:1:    cheibrodos_orc_bank, layout_caves, serial_shops,
          nicolae_shop_behind_doors, bh_open_orc_temple, uniq_urug, uniq_harold,
          uniq_josephine
Orc:2:    grunt_orc_community_town_hall, layout_caves,
          grunt_orc_community_big_house_2, grunt_orc_community_big_house_1,
          grunt_orc_community_house_2, grunt_orc_community_house_1,
          grunt_orc_community_house_1, grunt_orc_community_house_3,
          grunt_orc_community_house_2, grunt_orc_community_house_1

Skill      XL: |  1  2  3  4  5  6  7  8  9 10 11 12 13 14 15 16 |
---------------+-------------------------------------------------+-----
Spellcasting   | 4 5 6 7 8 9 12 13 14 | 14.6
Conjurations   | 5 6 7 8 9 10 13 | 13.3
Fighting       | 8 9 10 11 13 | 13.9
Dodging        | 8 9 10 11 12 | 12.0
Poison Magic   | 2 4 8 |  8.8
Ice Magic      | 1 6 8 10 | 10.3
Air Magic      | 1 5 8 10 | 10.3
Transmutations | 5 8 |  8.8
Stealth        | |  2.4

Action                     |  1- 3 |  4- 6 |  7- 9 | 10-12 | 13-15 | 16-18 || total
---------------------------+-------+-------+-------+-------+-------+-------++-------
  Melee: Unarmed           |       |     1 |       |       |       |       ||     1
         Staff             |       |       |       |    22 |    52 |    13 ||    87
         Punch             |       |       |       |       |     2 |       ||     2
   Cast: Magic Dart        |    63 |    88 |    96 |   117 |   103 |    12 ||   479
         Poisonous Vapours |     6 |     7 |     2 |    17 |   141 |    64 ||   237
         Searing Ray       |     5 |    12 |    56 |    85 |   126 |    20 ||   304
         Fulminant Prism   |       |       |     9 |     4 |    19 |       ||    32
         Ozocubu's Armour  |       |       |     1 |       |    10 |     3 ||    14
         Freezing Cloud    |       |       |       |    88 |   198 |    19 ||   305
         Frozen Ramparts   |       |       |       |     1 |     5 |     5 ||    11
         Metabolic Englaci |       |       |       |       |     1 |       ||     1
         Irradiate         |       |       |       |       |     6 |    11 ||    17
 Invoke: Curse Item        |       |       |       |     3 |       |       ||     3
  Evoke: Wand              |       |       |       |     1 |       |       ||     1
    Use: Scroll            |       |     1 |     5 |     9 |       |     1 ||    16
         Potion            |       |     1 |     1 |     3 |     2 |     1 ||     8
   Stab: Sleeping          |       |     1 |       |       |       |       ||     1
         Petrifying        |       |       |       |     1 |       |       ||     1
         Petrified         |       |       |       |     1 |       |       ||     1
 Armour: Robe              |       |       |     8 |    21 |   101 |    11 ||   141
  Dodge: Dodged            |     4 |     7 |    71 |   112 |   454 |   114 ||   762
